 Dungeon Crawl Stone Soup version 0.17-a0-1718-g72dbe4d (webtiles) character file.

210 George the Slasher (level 5, -11/45 HPs)
             Began as a Minotaur Fighter on Aug 24, 2015.
             Mangled by an ogre
             ... wielding a +0 giant spiked club
              (20 damage)
             ... on level 3 of the Dungeon.
             The game lasted 00:05:35 (2625 turns).

George the Slasher (Minotaur Fighter)               Turns: 2625, Time: 00:05:35

Health: -11/45     AC:  6    Str: 21    XL:     5   Next: 56%
Magic:  4/4        EV:  4    Int:  5    God:
Gold:   131        SH: 10    Dex: 10    Spells: 0 memorised, 4 levels left

rFire  . . .     SeeInvis .     a - +1 long sword
rCold  . . .     Clarity  .     b - +0 scale mail
rNeg   . . .     SustAt   .     c - +1 shield
rPois  .         Gourm    .     (helmet restricted)
rElec  .         Spirit   .     (no cloak)
rCorr  .         Warding  .     (no gloves)
rMut   .         Rnd*Tele +     (no boots)
MR     .....                    (no amulet)
Stlth  ..........               l - -3 ring of evasion (curse)
                                p - ring of teleportation (curse)

@: not resistant to hostile enchantments, extremely unstealthy
A: retaliatory headbutt, horns 2
a: Evoke Teleportation


You were on level 3 of the Dungeon.
You were not hungry.

You visited 1 branch of the dungeon, and saw 4 of its levels.

You collected 131 gold pieces.

Inventory:

Hand weapons
 a - a +1 long sword (weapon)
Armour
 b - a +0 scale mail (worn)
 c - a +1 shield (worn)
Jewellery
 f - an uncursed ring of protection from magic
 l - a cursed -3 ring of evasion (right hand)
 p - a cursed ring of teleportation (left hand)
Magical devices
 q - a wand of teleportation (3)
Scrolls
 n - a scroll of teleportation
 u - 3 scrolls of enchant weapon
Potions
 d - 3 potions of might
 g - 3 potions of curing
 i - 3 potions of heal wounds
 s - 2 potions of cure mutation
 t - a potion of agility
Comestibles
 e - 3 bread rations
 o - a meat ration
 r - a royal jelly
 v - 2 chunks of flesh


   Skills:
 - Level 3.6 Fighting
 + Level 7.1 Long Blades
 - Level 3.6 Armour
 - Level 3.6 Shields


You had 4 spell levels left.
You didn't know any spells.

Dungeon Overview and Level Annotations

Branches:
Dungeon (4/15)
 Temple: D:4-7

Altars:
Cheibriados
Yredelemnul

Annotations:
D:4 Robin


Innate Abilities, Weirdness & Mutations

You reflexively headbutt those who attack you in melee.
You have a pair of horns on your head.


Message History

You barely miss the ogre.
You headbutt the ogre, but do no damage.
The ogre is heavily wounded.
You block the goblin's attack.
The ogre hits you with a giant spiked club!
* * * LOW HITPOINT WARNING * * *
The goblin hits you but does no damage.
You barely miss the ogre.
The ogre is heavily wounded.
You block the ogre's attack.
You slash the ogre!
The ogre is almost dead.
You block the goblin's attack. You block the ogre's attack.
You barely miss the ogre.
The ogre is severely wounded.
The goblin hits you but does no damage.
You completely miss the ogre.
The ogre is severely wounded.
The ogre hits you with a giant spiked club!!
You die...

.........###
#.#.#.#....#
...........#
#.#.#.#....#
...........#
#.#.#.#....#
...........#
##...#.....#########
...............)@g.#
#######....###.#O###
.....##.)....#.....#
.............#.#.###
......##.....#.###
...............#
......#.########
......#.# ......#.#


You could see an ogre and a goblin (frenzied).

Vanquished Creatures
  An orc priest (D:3)
  Ijyb (D:2)
  3 gnolls
  4 adders
  An ooze (D:1)
  4 worms
  7 orcs (D:3)
  4 bats (D:1)
  5 giant cockroaches
  11 goblins
  8 hobgoblins
  2 giant geckos
  2 giant newts
  10 kobolds
  A quokka skeleton (D:1)
  6 rats
70 creatures vanquished.

Notes
Turn   | Place    | Note
--------------------------------------------------------------
     0 | D:1      | George the Minotaur Fighter began the quest for the Orb.
     0 | D:1      | Reached XP level 1. HP: 19/19 MP: 0/0
   169 | D:1      | Reached XP level 2. HP: 26/26 MP: 1/1
   315 | D:1      | Reached skill level 4 in Long Blades
   675 | D:2      | Reached XP level 3. HP: 31/31 MP: 2/2
  1299 | D:2      | Reached skill level 5 in Long Blades
  1302 | D:2      | Reached XP level 4. HP: 26/39 MP: 3/3
  1505 | D:2      | Noticed Ijyb
  1523 | D:2      | Killed Ijyb
  1552 | D:2      | Reached skill level 6 in Long Blades
  1796 | D:3      | Found a basalt altar of Yredelemnul.
  1855 | D:3      | Reached XP level 5. HP: 35/45 MP: 4/4
  1959 | D:3      | Found a snail-covered altar of Cheibriados.
  2442 | D:3      | Reached skill level 7 in Long Blades
  2595 | D:4      | Noticed Robin
  2609 | D:4      | Noticed an ogre
  2625 | D:3      | Mangled by an ogre

Vault maps used:
D:1:      scummos_arrival_star, serial_forest, infiniplex_forest_lined_room_2,
          infiniplex_forest_clump_diagonal, infiniplex_forest_pool,
          infiniplex_forest_lined_ring, infiniplex_forest_lined_corner,
          infiniplex_forest_lined_1, infiniplex_forest_diagonal
D:2:      uniq_iyjb
D:3:      lemuel_coloured_pillars_altar, serial_glass, glass_columns_c,
          glass_columns_a, minmay_misc_feat_diagonals, cheibriados_altar_1
D:4:      uniq_pikel, uniq_robin

Action                   |  1- 3 |  4- 6 || total
-------------------------+-------+-------++-------
Melee: Long sword        |    80 |   114 ||   194
  Use: Scroll            |     3 |     5 ||     8
  Eat: Chunk             |     1 |     5 ||     6
